 Dungeon Crawl Stone Soup version 0.30-a0-377-g5cb311bc9f (webtiles) character file.

Game seed: 13607123723857293900

154830 p00ps00p the Warrior (level 17, 0/166 HPs)
             Began as a Minotaur Fighter on Nov 29, 2022.
             Was an Initiate of Gozag.
             Succumbed to a nagaraja's splash of poison
             ... on level 4 of the Snake Pit.
             The game lasted 01:02:19 (29856 turns).

p00ps00p the Warrior (Minotaur Fighter)            Turns: 29856, Time: 01:02:20

Health: 0/166      AC: 47    Str: 35    XL:     17   Next: 7%
Magic:  1/16       EV: 18    Int:  2    God:    Gozag
Gold:   2039       SH: 11    Dex: 10    Spells: 16/16 levels left

rFire   . . .      SeeInvis .    j - +10 hand axe of Piefeug {pain, Str+6}
rCold   . . .      Faith    .    N - +3 warlock's mirror {reflect}
rNeg    . . .      Spirit   +    P - +11 crystal plate armour of the Swamp {+Inv rPois Int-3}
rPois   +          Reflect  +    (helmet restricted)
rElec   .          Harm     .    q - +2 cloak {Will+}
rCorr   .          Rampage  +    H - +2 pair of gloves {Stlth+}
Will    ++...                    F - +1 pair of boots {rampage}
Stlth   ..........               B - amulet of guardian spirit
HPRegen 0.47/turn                W - +4 ring of evasion
MPRegen 0.15/turn                D - +4 ring of evasion

@: lethally poisoned (0 -> -8), weakened, gold aura
A: horns 2, retaliatory headbutt
a: Renounce Religion, Evoke Invisibility, Potion Petition, Call Merchant, Bribe
Branch


You were on level 4 of the Snake Pit.
You worshipped Gozag.
Gozag was most pleased with you.
You visited 5 branches of the dungeon, and saw 27 of its levels.
You also visited: Sewer and Ice Cave.

You collected 9781 gold pieces.
You spent 5659 gold pieces at shops.
You paid 2083 gold pieces to Gozag.

Inventory:

Hand Weapons
 a - a +4 war axe of flaming
 e - a +0 vampiric hand axe
 j - the +10 hand axe of Piefeug (weapon) {pain, Str+6}
   (You bought it in a shop on level 2 of the Orcish Mines)

   In the hands of one skilled in necromantic magic, it inflicts extra damage on
   living creatures.
   Str:       It affects your strength (+6).
Missiles
 f - 2 silver boomerangs
 E - a throwing net (quivered)
 O - 5 datura-tipped darts
Armour
 q - a +2 cloak of willpower (worn)
 F - a +1 pair of boots of rampaging (worn)
 H - a +2 pair of gloves of stealth (worn)
 N - the +3 warlock's mirror (worn) {reflect}
   (You bought it in a shop on level 4 of the Lair of Beasts)

   It can block and reflect piercing ranged attacks and magical attacks against
   the wielder's willpower.
 P - the +11 crystal plate armour of the Swamp (worn) {+Inv rPois Int-3}
   (You bought it in a shop on level 7 of the Dungeon)

   Int:       It affects your intelligence (-3).
   rPois:     It protects you from poison.
   +Inv:      It lets you turn invisible.
Jewellery
 b - a +6 ring of strength
 k - a +6 ring of strength
 B - an amulet of guardian spirit (around neck)
 D - a +4 ring of evasion (right hand)
 W - a +4 ring of evasion (left hand)
Wands
 h - a wand of mindburst (43)
 m - a wand of paralysis (17)
 y - a wand of roots (15)
 C - a wand of flame (20)
 J - a wand of digging (6)
Scrolls
 i - 6 scrolls of poison
 l - 3 scrolls of brand weapon
 o - 8 scrolls of teleportation
 p - 3 scrolls of butterflies
 r - 7 scrolls of amnesia
 t - 6 scrolls of identify
 z - 4 scrolls of magic mapping
 L - a scroll of silence
 R - a scroll of blinking
 Z - 2 scrolls of enchant armour
Potions
 d - 6 potions of might
 g - 12 potions of degeneration
 n - 3 potions of flight
 s - 2 potions of invisibility
 u - a potion of brilliance
 v - 4 potions of lignification
 x - 5 potions of curing
 A - 3 potions of resistance
 G - a potion of cancellation
 I - 3 potions of magic
 Q - 2 potions of mutation
 S - a potion of heal wounds
 X - a potion of berserk rage
Miscellaneous
 K - a lightning rod (4/4)


   Skills:
 + Level 18.5 Fighting
 + Level 18.3 Axes
 + Level 18.4 Armour
 + Level 8.4 Dodging
 + Level 18.5 Shields


You had 16 spell levels left.
You didn't know any spells.
Your spell library contained the following spells:

 Spells                   Type           Power      Damage    Failure   Level
 Magic Dart               Conj           0%         1d3       99%         1
 Sandblast                Erth           0%         2d4       99%         1
 Summon Small Mammal      Summ           0%         N/A       99%         1
 Cigotuvi's Dreadful Rot  Necr/Pois/Air  0%         N/A       100%        2
 Ensorcelled Hibernation  Hex/Ice        0%         N/A       100%        2
 Passwall                 Tmut/Erth      0%         N/A       100%        2
 Poisonous Vapours        Pois/Air       0%         N/A       100%        2
 Searing Ray              Conj           0%         2d4       100%        2
 Static Discharge         Conj/Air       0%         2-2/arc   100%        2
 Call Canine Familiar     Summ           0%         N/A       100%        3
 Frozen Ramparts          Ice            0%         1d1       100%        3
 Mephitic Cloud           Conj/Pois/Air  0%         N/A       100%        3
 Portal Projectile        Hex/Tloc       0%         N/A       100%        3
 Spider Form              Tmut/Pois      0%         N/A       100%        3
 Stone Arrow              Conj/Erth      0%         3d7       100%        3
 Summon Guardian Golem    Hex/Summ       0%         N/A       100%        3
 Swiftness                Air            0%         N/A       100%        3
 Vhi's Electric Charge    Tloc/Air       0%         N/A       100%        3
 Anguish                  Hex/Necr       0%         N/A       100%        4
 Fulminant Prism          Conj/Hex       0%         3d5       100%        4
 Ice Form                 Ice/Tmut       0%         N/A       100%        4
 Leda's Liquefaction      Hex/Erth       0%         N/A       100%        4
 Manifold Assault         Tloc           0%         N/A       100%        4
 Summon Ice Beast         Ice/Summ       0%         N/A       100%        4
 Arcjolt                  Conj/Air       0%         1d10      100%        5
 Iskenderun's Battlesphe  Conj           0%         2d6       100%        5
 Lightning Bolt           Conj/Air       0%         1d11      100%        5
 Dispersal                Tloc           0%         N/A       100%        6
 Iron Shot                Conj/Erth      0%         9d1       100%        6
 Orb of Destruction       Conj           0%         9d5       100%        7
 Spellforged Servitor     Conj/Summ      0%         N/A       100%        7
 Disjunction              Tloc           0%         N/A       100%        8


Dungeon Overview and Level Annotations

Branches:
Dungeon (15/15)            Temple (1/1) D:4            Lair (5/5) D:8
  Swamp (0/4) Lair:3        Snake (4/4) Lair:3        Slime (0/5) Lair:5
    Orc (2/2) D:12            Elf (0/3) Orc:2        Vaults (0/5) D:13
 Depths (0/4) D:15          Sewer (visited)           IceCv (visited)

Altars:
Ashenzari
Cheibriados
Dithmenos
Elyvilon
Fedhas
Gozag
Hepliaklqana
Kikubaaqudgha
Makhleb
Nemelex Xobeh
Okawaru
Qazlal
Ru
Sif Muna
Trog
Uskayaw
Vehumet
Wu Jian
Xom
Yredelemnul
Zin
The Shining One
Jiyva

Shops:
D:1 ?   D:7 [   D:8 [   D:14 (   Orc:2 **:(   Lair:4 [   Snake:1 ?

Portals:
Pandemonium: Orc:2

Annotations:
D:7 2 transporters, DeathPants's ghost, novice VSBr
Snake:1 2 transporters, avis's ghost, journeyman HOMo


Innate Abilities, Weirdness & Mutations

You have a pair of horns on your head.
You reflexively headbutt those who attack you in melee.


Message History

You resist.
You slice the naga warrior!!
You kill the naga warrior!
You hit the naga mage.
You feel very sick.
The naga ritualist no longer looks unusually strong.
The naga no longer looks unusually strong.
The nagaraja barely misses you.
You barely miss the nagaraja. You slash the naga mage!
You feel sick. You block the nagaraja's attack.
The nagaraja closely misses you. You block the nagaraja's attack.
The naga mage is distracted by your dazzling golden aura.
The naga ritualist is distracted by your dazzling golden aura.
The naga mage shouts!
The naga ritualist shouts!
You hit the nagaraja. You headbutt the nagaraja.
The nagaraja is lightly wounded.
You hit the naga mage.
The naga mage is no longer distracted by gold.
You feel sick.
The nagaraja no longer looks unusually strong.
The nagaraja spits poison at you.
Your +3 warlock's mirror {reflect} reflects the splash of poison!
The splash of poison hits the nagaraja.
The nagaraja is distracted by your dazzling golden aura.
The nagaraja shouts!
You slash the nagaraja!
The nagaraja is moderately wounded.
You barely miss the naga mage.
You feel sick. The naga mage spits poison at you.
Your +3 warlock's mirror {reflect} reflects the splash of poison!
The splash of poison hits the naga mage.
The naga mage completely resists.
The nagaraja hits you with a +0 club!!
* * * LOW HITPOINT WARNING * * *
You block the nagaraja's attack.
You slash the nagaraja!
The nagaraja is heavily wounded.
You hit the naga mage but do no damage.
You die...
Your body crumbles into a pile of gold.

#...### #...
..............$.
.#....#
#..##.............#...
#...##
#..##.................
##...##
#..##................^
.##...#
#..#......#...........
..##.###
#.............#...N...
...#'#≈##
#....NN#......N.#....#
≈.))....##
#....$NNN.......N N.
≈..'))...#
##..$@N.###...⌠NN .##
...#'#≈...#
#...$$##........#N.##
..##.##...#
#...$##..............
.##..[#...#
##..$.#..#.....#..N.#
##...## ..#
#....#.............#
#...## #..#
###..#........$N...#
##..# #.##
####........$.N..#
.##.## #.# ###
####...##N..###
.##..###.##
#.###.#(..$........


You could see 2 nagarajas, a naga ritualist, 2 naga magi and a naga.

Vanquished Creatures
  Jorgrun (D:13)
  Kirke (Lair:3)
  2 nagarajas (Snake:4)
  A juggernaut zombie (D:15)
  Nessos (D:13)
  2 dire elephants (Lair:5)
  A white draconian (IceCv)
  Josephine (D:14)
  4 vault guards (D:13)
  3 hydras
  2 ogre magi
  7 anacondas
  2 salamander tyrants
  4 centaur warriors
  3 demonspawn (Orc:2)
  4 boulder beetles
  2 catoblepae
  7 two-headed ogres
  14 naga warriors
  3 death yaks (Lair:5)
  3 tengu warriors (D:15)
  5 orc high priests (Orc:2)
  13 naga sharpshooters
  5 shock serpents
  A fire crab (Lair:4)
  A fire crab (shapeshifter) (D:13)
  A flayed ghost (D:15)
  5 skeletal warriors
  6 naga ritualists
  Pikel (D:5)
  3 deep elf pyromancers
  2 lindwurms (Lair:5)
  2 necromancers
  7 orc sorcerers (Orc:2)
  14 mana vipers
  5 orc knights
  A mana viper (shapeshifter) (D:14)
  8 ugly things
  14 salamanders
  2 manticores
  7 cyclopes
  20 elephants
  4 guardian serpents
  Maurice (D:13)
  A stone giant skeleton (D:15)
  2 ice statues (IceCv)
  21 black mambas
  A gargoyle (D:10)
  2 orange demons (Orc:2)
  10 naga magi
  2 unseen horrors
  A spriggan zombie (D:15)
  8 rime drakes
  2 efreet (D:13)
  A freezing wraith (D:14)
  4 cane toads
  3 tengu conjurers
  6 komodo dragons
  A kobold demonologist (D:8)
  2 ice devils (Orc:2)
  5 polar bears
  9 trolls
  3 hornets
  An ettin zombie (D:15)
  10 slime creatures
  2 dream sheep (Lair:5)
  13 blink frogs
  Sigmund (D:2)
  2 shadows
  10 wraiths
  2 wyverns (D:10)
  5 hogs (Lair:3)
  53 yaks
  Grum (D:10)
  4 basilisks
  28 nagas
  3 acid dragons
  A warg (Orc:1)
  Duvessa (D:4)
  17 water moccasins
  4 sky beasts
  A swamp drake (D:12)
  An ice beast (D:7)
  36 orc warriors
  5 black bears
  5 boggarts (D:14)
  4 wolves (D:10)
  8 ogres
  10 centaurs
  3 lemures (D:5)
  2 kobold brigands
  2 necrophages
  15 bullfrogs
  2 gnoll sergeants
  3 cane toad simulacra (Orc:2)
  A two-headed ogre simulacrum (Orc:2)
  4 scorpions
  13 wights
  Dowan (D:4)
  13 killer bees
  2 lindwurm simulacra (IceCv)
  8 howler monkeys
  An electric eel (Lair:3)
  6 komodo dragon simulacra (IceCv)
  2 hounds (D:5)
  31 orc priests
  Crazy Yiuf (D:2)
  6 jellies
  3 gnoll boudas
  4 iguanas
  17 orc wizards
  2 spriggan simulacra (Orc:2)
  Terence (D:2)
  4 polar bear simulacra
  2 yak simulacra (Lair:5)
  3 wolf simulacra (Lair:5)
  14 adders
  17 gnolls
  8 acid dragon simulacra (IceCv)
  A naga simulacrum (Orc:2)
  2 shadow imps
  5 steam dragon simulacra (IceCv)
  2 worms (D:3)
  A dart slug (D:1)
  86 orcs
  5 bats
  15 endoplasms
  9 giant cockroaches
  3 goblins
  4 hobgoblins
  8 jackals
  10 kobolds
  8 quokkas
  13 ball pythons
  7 frilled lizards
  3 rats
  3 river rat simulacra (Lair:5)
  A spectral orc (D:7)
885 creatures vanquished.

Vanquished Creatures (others)
  A naga warrior (Snake:4)
  A naga sharpshooter (Snake:4)
  A naga mage (Snake:4)
  A vampire (D:10)
  60 fungi
  63 plants
  6 withered plants (D:15)
133 creatures vanquished.

Grand Total: 1018 creatures vanquished

Notes
Turn   | Place    | Note
-------+----------+-------------------------------------------
     0 | D:1      | p00ps00p the Minotaur Fighter began the quest for the Orb.
     0 | D:1      | Reached XP level 1. HP: 19/19 MP: 0/0
   174 | D:1      | Reached XP level 2. HP: 27/27 MP: 1/1
   378 | D:1      | Found Zeeriq's Magic Scroll Shop.
   588 | D:2      | Noticed Sigmund
   601 | D:2      | Killed Sigmund
   602 | D:2      | Reached XP level 3. HP: 13/35 MP: 2/2
   602 | D:2      | Reached XP level 4. HP: 16/41 MP: 3/3
   602 | D:2      | Reached XP level 5. HP: 18/47 MP: 4/4
   751 | D:2      | Reached skill level 5 in Shields
   900 | D:2      | Found a runed translucent door.
   901 | D:2      | Noticed Crazy Yiuf
  1049 | D:2      | Reached skill level 5 in Fighting
  1049 | D:2      | Reached skill level 5 in Armour
  1078 | D:2      | Noticed Terence
  1081 | D:2      | Killed Terence
  1422 | D:2      | Killed Crazy Yiuf
  1423 | D:2      | Reached XP level 6. HP: 24/56 MP: 5/5
  1719 | D:3      | Found a shimmering blue altar of Sif Muna.
  1789 | D:3      | Found a blossoming altar of Fedhas.
  1900 | D:3      | Found a glowing drain.
  1928 | Sewer    | Entered a sewer
  2261 | Sewer    | Reached skill level 5 in Axes
  2261 | Sewer    | Reached XP level 7. HP: 45/62 MP: 6/6
  3132 | D:4      | Noticed Duvessa
  3133 | D:4      | Noticed Dowan
  3140 | D:4      | Killed Duvessa
  3148 | D:4      | Killed Dowan
  3406 | D:4      | Found a staircase to the Ecumenical Temple.
  3571 | Temple   | Entered the Ecumenical Temple
  3673 | Temple   | Became a worshipper of Gozag Ym Sagoz the Greedy
  3815 | D:5      | Entered Level 5 of the Dungeon
  3846 | D:5      | Reached XP level 8. HP: 54/71 MP: 7/7
  4070 | D:5      | Noticed Pikel
  4082 | D:5      | Killed Pikel
  5106 | D:6      | Reached XP level 9. HP: 79/81 MP: 8/8
  6014 | D:7      | Found a transporter.
  6192 | D:7      | Noticed DeathPants's ghost (novice VSBr)
  6401 | D:7      | Found a basalt altar of Yredelemnul.
  6769 | D:7      | Found a transporter.
  6810 | D:7      | Found Pukomp's Antique Armour Shoppe.
  6816 | D:7      | Bought a shiny kite shield for 187 gold pieces
  6816 | D:7      | Bought a pair of glowing gloves for 187 gold pieces
  7164 | D:8      | Found a radiant altar of Vehumet.
  7166 | D:8      | Noticed a kobold demonologist
  7170 | D:8      | Noticed a sixfirhy
  7176 | D:8      | Noticed a red devil
  7850 | D:8      | Noticed a hellwing
  7853 | D:8      | Noticed a rust devil
  7860 | D:8      | Killed a kobold demonologist
  7861 | D:8      | Reached XP level 10. HP: 89/91 MP: 9/9
  8180 | D:8      | Reached skill level 10 in Armour
  8180 | D:8      | Reached skill level 10 in Shields
  8183 | D:8      | Reached skill level 10 in Fighting
  8242 | D:8      | Found a staircase to the Lair.
  8628 | D:8      | Found a shadowy altar of Dithmenos.
  8631 | D:8      | Found a sparkling altar of Nemelex Xobeh.
  8848 | D:8      | Found a hide-covered altar of Uskayaw.
  8857 | D:8      | Found a shimmering altar of Xom.
  8881 | D:8      | Reached skill level 10 in Axes
  9039 | D:8      | Bought a pair of embroidered boots for 232 gold pieces
  9830 | D:10     | Entered Level 10 of the Dungeon
  9868 | D:10     | Reached XP level 11. HP: 88/101 MP: 7/10
 10133 | D:10     | Noticed an eight-headed hydra
 10135 | D:10     | Noticed a centaur warrior
 10143 | D:10     | Killed a three-headed hydra
 10152 | D:10     | Noticed an ogre mage
 10156 | D:10     | HP: 1/102 [wraith (7)]
 10156 | D:10     | Noticed a boulder beetle
 10514 | D:10     | Identified the +9 dagger of Gozag's Approval {elec, *Slow
                  | rPois Int+2}
 10699 | D:10     | Noticed Grum
 10715 | D:10     | Killed Grum
 10744 | D:10     | Killed an ogre mage
 10829 | D:10     | Killed a boulder beetle
 12201 | D:12     | Reached XP level 12. HP: 104/112 MP: 9/11
 12397 | D:12     | Found a staircase to the Orcish Mines.
 12510 | Orc:1    | Entered Level 1 of the Orcish Mines
 12606 | Orc:1    | Found a runed translucent door.
 12894 | Orc:2    | Entered Level 2 of the Orcish Mines
 13073 | Orc:2    | Found a staircase to the Elven Halls.
 13137 | Orc:2    | Found a frozen archway.
 13155 | IceCv    | Entered an ice cave
 14026 | IceCv    | Noticed a white draconian
 14038 | IceCv    | Killed a white draconian
 14107 | IceCv    | Identified the ring of Zeal {Fire rPois}
 14421 | Orc:2    | Found Xuxuisk's General Store.
 14421 | Orc:2    | Found Otuluomm's General Store.
 15083 | D:7      | Bought a scorched crystal plate armour for 2125 gold pieces
 15083 | D:7      | Identified the +11 crystal plate armour of the Swamp {+Inv
                  | rPois Int-3} (You bought it in a shop on level 7 of the
                  | Dungeon)
 15545 | Orc:2    | Noticed an orc high priest
 15551 | Orc:2    | Killed an orc high priest
 15552 | Orc:2    | Reached XP level 13. HP: 116/123 MP: 12/12
 16189 | Orc:2    | Found Ryfykkih's Book Shop.
 16189 | Orc:2    | Found a one-way gate leading to the halls of Pandemonium.
 16189 | Orc:2    | Found Withuod's Antique Weapon Boutique.
 17001 | Orc:2    | Bought the +10 hand axe of Piefeug {pain, Str+6} for 1310
                  | gold pieces
 17126 | Lair:1   | Entered Level 1 of the Lair of Beasts
 18803 | Lair:2   | You fall into a shaft and drop 1 floor!
 18805 | Lair:3   | Found a staircase to the Swamp.
 18895 | Lair:3   | Reached skill level 15 in Fighting
 18897 | Lair:3   | Reached skill level 15 in Shields
 18902 | Lair:3   | Reached skill level 15 in Armour
 18966 | Lair:3   | Reached XP level 14. HP: 135/135 MP: 13/13
 19022 | Lair:3   | Found a staircase to the Snake Pit.
 19344 | Lair:3   | Noticed Kirke
 19349 | Lair:3   | Reached skill level 15 in Axes
 19357 | Lair:3   | Noticed a sphinx
 19360 | Lair:3   | Paralysed by a sphinx for 2 turns
 19389 | Lair:3   | Noticed a sphinx
 19395 | Lair:3   | Killed Kirke
 20885 | Lair:5   | Entered Level 5 of the Lair of Beasts
 21001 | Lair:5   | Found a staircase to the Slime Pits.
 21326 | Lair:4   | Bought the +3 warlock's mirror {reflect} for 1280 gold
                  | pieces
 21326 | Lair:4   | Found the +3 warlock's mirror {reflect}
 21376 | Lair:5   | Found a viscous altar of Jiyva.
 21909 | Lair:5   | Identified the +8 battleaxe "Killer Bee's Regret" {elec,
                  | Str+4}
 22129 | Lair:4   | Bought a pair of embroidered gloves for 240 gold pieces
 22956 | D:13     | Noticed Jorgrun
 22966 | D:13     | Killed Jorgrun
 22967 | D:13     | Reached skill level 1 in Dodging
 22967 | D:13     | Reached XP level 15. HP: 130/145 MP: 11/14
 23237 | D:13     | Found a gate to the Vaults.
 23237 | D:13     | Noticed Nessos
 23273 | D:13     | Killed Nessos
 23583 | D:13     | Noticed Maurice
 23590 | D:13     | Killed Maurice
 24414 | D:14     | Noticed Josephine
 24435 | D:14     | Killed Josephine
 24522 | D:14     | Found Nawoij's Antique Weapon Shoppe.
 24663 | D:15     | Entered Level 15 of the Dungeon
 24777 | D:15     | Found a staircase to the Depths.
 25340 | D:15     | Reached skill level 5 in Dodging
 25533 | D:15     | Found a glowing golden altar of the Shining One.
 25776 | Snake:1  | Entered Level 1 of the Snake Pit
 25869 | Snake:1  | Bought a scroll of identify for 28 gold pieces
 25869 | Snake:1  | Bought a scroll of identify for 28 gold pieces
 25869 | Snake:1  | Bought a scroll of teleportation for 42 gold pieces
 26052 | Snake:1  | Noticed avis's ghost (journeyman HOMo)
 26054 | Snake:1  | Found a transporter.
 26108 | Snake:1  | Reached XP level 16. HP: 155/155 MP: 12/15
 26939 | Snake:1  | Found a transporter.
 26948 | Snake:1  | Found the +8 Wrath of Trog {antimagic, *Rage Rampage}
 27089 | Snake:2  | Identified the +0 leather armour of Fedhas's Whim {Dex+2}
 28746 | Snake:4  | Entered Level 4 of the Snake Pit
 29806 | Snake:4  | Reached XP level 17. HP: 73/166 MP: 12/16
 29855 | Snake:4  | HP: 1/166 [nagaraja/+0 club (25)]
 29856 | Snake:4  | Succumbed to a nagaraja's splash of poison

Illustrated notes

Levels and vault maps discovered:
D:1:      minmay_arrival_up_and_down, layout_basic, serial_shops,
          nicolae_shop_behind_doors, nicolae_eternal_life,
          minmay_misc_feat_square, chequers_hall_statues_corner_a
D:2:      layout_basic, uniq_crazy_yiuf_cottage, uniq_terence, uniq_sigmund
D:3:      layout_loops_cross, mainiacjoe_overflow_alcove_2,
          mainiacjoe_overflow_small_starburst, cheibrodos_sewer_entry_bend,
          grunt_ministairs_4, kennysheep_boxes
D:4:      layout_rooms, minmay_temple_entry_waves, uniq_duvessa
D:5:      layout_gridville, uniq_pikel
D:6:      layout_layer_cave, nicolae_hexahallways, grunt_ministairs_12
D:7:      minmay_bubble_buster, layout_gridville,
          yredelemnul_forgotten_temple_becter, gammafunk_ghost_stat_death,
          serial_shops, shop, mrwooster_statue_mirror
D:8:      layout_cave_pods, lemuel_crystal_altar,
          nicolae_overflow_hidden_temple, mainiacjoe_overflow_swirl,
          due_lair_maze_entry_diamond
D:9:      layout_stronghold
D:10:     layout_irregular_city, minmay_pinched_square, uniq_grum
D:11:     layout_cave_pools
D:12:     minmay_skewed_foursquare, layout_cross, erik_orc_1
D:13:     layout_grid_maze, lightli_vaults_fourway_checkpoint, uniq_jorgrun,
          uniq_maurice, uniq_nessos
D:14:     layout_gridville, infiniplex_staircase_pool_1, serial_shops,
          kennysheep_mini_moat, uniq_josephine
D:15:     gammafunk_depths_entry_grave, layout_long_grid, tso_altar
Temple:   jpeg_temple_clearing
Lair:1:   layout_layer_cave
Lair:2:   layout_roguey
Lair:3:   layout_long_grid, swamp_mist_pool, dummy_snake_entry, uniq_kirke
Lair:4:   layout_concentric_octagons
Lair:5:   hangedman_lair_in_review, layout_regular_city,
          nicolae_slime_entry_slimehenge, eino_house_with_fridge
Snake:1:  layout_misc_corridors, gammafunk_ghost_berserking_beasts
Snake:2:  layout_grid_shapes, corexii_hall_statues_x, serial_bayou_shore_b
Snake:3:  layout_misc_corridors
Snake:4:  snake_pit, layout_chambers, serial_shops, shop, st_stairs_10,
          nicolae_snake_omega, grunt_megastairs_2
Orc:1:    layout_diamond_mine, lightli_church_of_beogh
Orc:2:    pf_orc_diabolical, layout_caves, basic_altar,
          portal_ice_cave_entry_ice_simulacra

Skill      XL: |  1  2  3  4  5  6  7  8  9 10 11 12 13 14 15 16 |
---------------+-------------------------------------------------+-----
Shields        | 4 5 6 7 9 10 12 13 15 16 17 18 | 18.5
Fighting       | 4 5 6 7 9 10 12 13 15 16 17 18 | 18.5
Axes           | 4 5 6 7 9 10 12 13 14 16 17 18 | 18.3
Armour         | 4 5 6 7 9 10 12 13 15 16 17 18 | 18.4
Dodging        | 1 5 8 |  8.4

Action                   |  1- 3 |  4- 6 |  7- 9 | 10-12 | 13-15 | 16-18 || total
-------------------------+-------+-------+-------+-------+-------+-------++-------
Melee: War axe           |    42 |   116 |   276 |   625 |   148 |       ||  1207
       Headbutt          |     4 |     8 |    42 |   120 |   295 |   140 ||   609
       Hand axe          |       |       |       |       |   982 |   550 ||  1532
       Unarmed           |       |       |       |       |     8 |       ||     8
Invok: Call Merchant     |       |       |       |     1 |     2 |       ||     3
Evoke: Wand              |       |       |       |       |       |     2 ||     2
  Use: Scroll            |       |     7 |    13 |    13 |     8 |     5 ||    46
       Potion            |       |       |       |     5 |     3 |     9 ||    17
 Stab: Distracted        |       |       |       |     5 |     5 |     6 ||    16
       Sleeping          |       |       |       |     1 |       |       ||     1
       Petrified         |       |       |       |       |     4 |       ||     4
Armor: Scale mail        |    12 |    69 |       |       |       |       ||    81
       Fire dragon scale |       |       |    33 |       |       |       ||    33
       Ring mail         |       |       |   103 |   197 |       |       ||   300
       Crystal plate arm |       |       |       |    15 |   474 |   201 ||   690
Dodge: Dodged            |     9 |    55 |   170 |   252 |   303 |   230 ||  1019
Block: Buckler           |    11 |    23 |    74 |       |   190 |   265 ||   563
       Kite shield       |       |       |    55 |   419 |   363 |       ||   837
       Reflection        |       |       |       |       |    15 |    57 ||    72

Table legend: (Time is in decaauts)
 A = Elapsed time spent in this place.
 B = Non-inter-level travel time spent in this place.
 C = Inter-level travel time spent in this place.
 D = Time resting spent in this place.
 E = Time spent auto-exploring this place.
 F = Levels seen in this place.
 G = Mean time per level.
                   A        B        C        D        E       F      G
               +--------+--------+--------+--------+--------+-----+--------+
         Total |  29508 |  27625 |   1883 |   3152 |  18932 |  29 | 1017.5 |
       Dungeon |  15895 |  14463 |   1432 |   1328 |  10522 |  15 | 1059.7 |
        Temple |    119 |    102 |     17 |      0 |     82 |   1 |  119.0 |
          Lair |   4967 |   4743 |    224 |     88 |   3914 |   5 |  993.4 |
     Snake Pit |   3844 |   3777 |     67 |    206 |   2772 |   4 |  961.0 |
  Orcish Mines |   3005 |   2863 |    142 |    821 |   1219 |   2 | 1502.5 |
         Sewer |    513 |    513 |      0 |      0 |    288 |   1 |  513.0 |
      Ice Cave |   1163 |   1163 |      0 |    708 |    134 |   1 | 1163.0 |
               +--------+--------+--------+--------+--------+-----+--------+

Top non-repeatable levels by time:
   Orc:2: 2260 daAuts
     D:7: 1943 daAuts
    D:10: 1831 daAuts
     D:8: 1472 daAuts
    D:13: 1457 daAuts
     D:6: 1370 daAuts
  Lair:1: 1197 daAuts
 Snake:1: 1188 daAuts
   IceCv: 1163 daAuts
  Lair:5: 1155 daAuts
     D:2: 1136 daAuts
  Lair:4: 1060 daAuts
  Lair:3: 1030 daAuts
     D:3: 1020 daAuts
 Snake:4: 1019 daAuts
